 Dungeon Sprint DCSS version 0.29-a0-330-g52719c12eb (webtiles) character file.

Game seed: 8182175959465175021

3714 jt the Severer (level 9, -17/94 HPs)
             Began as a Deep Dwarf Fighter on Apr 16, 2022.
             Was a Believer of Jiyva.
             Killed from afar by Roxanne (66 damage)
             ... with a crystal spear
             ... in the Dungeon (Sprint II: "The Violet Keep of Menkaure").
             The game lasted 00:06:18 (701 turns).

jt the Severer (Deep Dwarf Fighter)                  Turns: 701, Time: 00:06:19

Health: -17/94     AC: 21    Str: 25    XL:     9   Next: 91%
Magic:  5/5        EV:  8    Int:  8    God:    Jiyva [**....]
Gold:   819        SH:  5    Dex: 12    Spells: 12/12 levels left

rFire   . . .      SeeInvis .   a - +1 broad axe (holy)
rCold   x . .      Faith    .   c - +0 buckler
rNeg    . . .      Spirit   .   i - +7 chain mail of the Maze {Harm rPois rC- Slay-2}
rPois   +          Reflect  .   (no helmet)
rElec   .          Harm     +   (no cloak)
rCorr   +          Rampage  .   (no gloves)
Will    +....      NoTele   +   (no boots)
Stlth   ..........              (no amulet)
HPRegen 0.96/turn               (no ring)
MPRegen 0.39/turn               (no ring)

@: flying
A: damage resistance, heal wounds, sense surroundings 2, no regeneration,
iridescent scales 1, no potion heal 1
a: Heal Wounds, Renounce Religion


You were in the Dungeon.
You worshipped Jiyva.
Jiyva was pleased with you.
You visited 1 branch You collected 1196 gold pieces.
You spent 377 gold pieces at shops.

Inventory:

Hand Weapons
 a - a +1 broad axe of holy wrath (weapon)
 d - a +0 war axe
 l - a +0 arbalest
 r - a +0 spear
 y - a +0 hunting sling
 E - a +0 trident
Missiles
 k - 61 stones
 D - 5 poisoned darts
Armour
 b - a +0 scale mail
 c - a +0 buckler (worn)
 i - the +7 chain mail of the Maze (worn) {Harm rPois rC- Slay-2}
   (You bought it in a shop in the Dungeon)

   Slay:      It affects your accuracy & damage with ranged weapons and melee
   (-2).
   rC:        It makes you vulnerable to cold.
   rPois:     It protects you from poison.
   Harm:      It increases damage dealt and taken.
 v - a +0 plate armour
Scrolls
 j - a scroll of blinking
 m - 2 scrolls of vulnerability
 p - 3 scrolls of fog
 s - a scroll of enchant weapon
 u - 2 scrolls of amnesia
 A - a scroll of fear
 C - a scroll of magic mapping
Potions
 e - 3 potions of curing
 f - 2 potions of heal wounds
 h - 5 potions of magic
 n - a potion of haste
 o - 4 potions of flight
 t - 3 potions of resistance
 w - a potion of degeneration {unknown}
 x - a potion of attraction {unknown}
 z - a potion of cancellation {unknown}
 B - 2 potions of might


   Skills:
 + Level 10.4 Fighting
 - Level 18.0 Axes
 + Level 12.3 Armour
 - Level 6.0 Shields
 - Level 2.0 Spellcasting


You had 12 spell levels left.
You didn't know any spells.
Your spell library contained the following spells:

 Spells                   Type           Power      Damage    Failure   Level
 Corpse Rot               Necr/Air       0%         N/A       97%         2
 Poisonous Vapours        Pois/Air       0%         N/A       97%         2
 Dispel Undead            Necr           0%         3d6       100%        4
 Death Channel            Necr           0%         N/A       100%        6


Dungeon Overview and Level Annotations

Branches:
Dungeon (1/1)

Altars:
Cheibriados
Dithmenos
Elyvilon
Fedhas
Gozag
Hepliaklqana
Kikubaaqudgha
Makhleb
Nemelex Xobeh
Okawaru
Qazlal
Ru
Sif Muna
Trog
Uskayaw
Vehumet
Wu Jian
Xom
Yredelemnul
Zin
The Shining One
Beogh
Jiyva
Lugonu

Shops:
D =(:?:(=[[?(!::!

Annotations:
D exclusions: obsidian statue and oklob plant, Roxanne


Innate Abilities, Weirdness & Mutations

You are resistant to damage.
You can heal yourself by infusing magical energy.
You passively map the area around you.
You do not regenerate.
You are partially covered in iridescent scales. (AC +2)
Potions are less effective at restoring your health.


Message History

You feel much better.
Roxanne casts a spell.
The bolt of magma hits you!!!
Ouch! That really hurt!
You slash Roxanne!
Roxanne is heavily damaged.
You hear a series of splatters.
You are too injured to fight recklessly!
You are too injured to fight recklessly!
You slash Roxanne!
Roxanne is severely damaged.
Roxanne mumbles some strange words.
The bolt of magma misses you.
You slice Roxanne!!
Roxanne is severely damaged.
Roxanne says, "Come nearer, honey, I don't have a heart of stone."
You slash Roxanne!
Roxanne is almost destroyed.
You hit Roxanne.
Roxanne is almost destroyed.
You hit Roxanne but do no damage.
Roxanne is almost destroyed.
Roxanne wails, "NOOOO!"
You hit Roxanne but do no damage.
Roxanne is almost destroyed.
You hit Roxanne but do no damage.
Roxanne is almost destroyed.
Roxanne casts a spell.
The iron shot hits you!!!
* * * LOW HITPOINT WARNING * * *
You hit Roxanne.
Roxanne is almost destroyed.
You feel much better.
You hit Roxanne but do no damage.
Roxanne is almost destroyed.
You feel much better.
Roxanne mumbles some strange words.
The crystal spear hits you!!!
Ouch! That really hurt!
You die...

≈ °≈§
≈##≈§§###§≈#._._._._#≈§
§≈§≈ #≈§*
#≈≈#_._._._.#≈≈ ≈≈8§°
≈+§≈#+#≈≈#..._._._#≈≈
≈** §≈≈§§
≈##§§≈≈≈≈§##########§≈
§§§§
≈###########≈≈≈≈≈≈≈§≈§§
≈
##§§≈§§§.###≈########≈▓
*##≈§§§§§§§≈##≈# ,, ,
#▓▓ , +≈≈§§§8§§§§§'≈# *
##≈≈§§§@§§§#### , , , ,
##≈§§§§§§## * ,
######### , , * , ,+33,
,,* * ** * ### *** * *


You could see Roxanne and 2 sixfirhies.

Vanquished Creatures
  An iron elemental (D)
  A yaktaur (D)
  3 polar bears (D)
  A hornet (D)
  3 yaks (D)
  4 wyverns (D)
  Menkaure (D)
  4 water moccasins (D)
  4 necrophages (D)
  5 scorpions (D)
  A tentacle (D)
28 creatures vanquished.

Vanquished Creatures (others)
  A great orb of eyes (D)
  An oklob plant (D)
  An unseen horror (D)
  2 slime creatures (D)
  3 water moccasins (D)
  An electric eel (D)
  3 jellies (D)
  20 tentacles (D)
32 creatures vanquished.

Grand Total: 60 creatures vanquished

Notes
Turn   | Place    | Note
-------+----------+-------------------------------------------
     0 | D        | jt the Deep Dwarf Fighter began the quest for the Orb.
     0 | D        | Reached XP level 1. HP: 20/20 MP: 1/1
     1 | D        | Noticed a necrophage
     1 | D        | Noticed a necrophage
     1 | D        | Noticed a necrophage
     1 | D        | Noticed a necrophage
     5 | D        | Killed a necrophage
     6 | D        | Reached skill level 6 in Axes
     6 | D        | Reached XP level 2. HP: 25/27 MP: 2/2
     6 | D        | Reached XP level 3. HP: 31/33 MP: 3/3
    10 | D        | Killed a necrophage
    11 | D        | Reached skill level 9 in Axes
    11 | D        | Reached XP level 4. HP: 38/40 MP: 4/4
    13 | D        | Killed a necrophage
    14 | D        | Reached skill level 11 in Axes
    14 | D        | Reached XP level 5. HP: 36/46 MP: 5/5
    17 | D        | Reached skill level 12 in Axes
    27 | D        | Noticed a boulder beetle
    27 | D        | Noticed a boulder beetle
    30 | D        | Noticed a wyvern
    30 | D        | Noticed a wyvern
    33 | D        | Killed a wyvern
    34 | D        | Reached skill level 14 in Axes
    34 | D        | Reached XP level 6. HP: 55/55 MP: 5/9
    37 | D        | Killed a wyvern
    38 | D        | Reached skill level 15 in Axes
    38 | D        | Reached XP level 7. HP: 61/61 MP: 5/10
    84 | D        | Reached skill level 16 in Axes
    94 | D        | Reached skill level 5 in Armour
    99 | D        | Found Dedwyb's Book Shoppe.
    99 | D        | Found Iliafas's Book Shoppe.
    99 | D        | Found Buobb's Antique Weapon Emporium.
    99 | D        | Found Neodae's Distillery.
    99 | D        | Found Rubloto's Antique Armour Shoppe.
    99 | D        | Found Pidaj's Magic Scroll Shoppe.
   100 | D        | Found Tiveomohuuff's Antique Armour Shoppe.
   100 | D        | Found Navaf's Jewellery Emporium.
   101 | D        | Found Hokud's Weapon Emporium.
   102 | D        | Found Junimaijo's Distillery.
   103 | D        | Found Riysis's Book Shoppe.
   103 | D        | Found Ruomehoi's Magic Scroll Emporium.
   103 | D        | Noticed Menkaure
   103 | D        | Noticed an oklob plant
   104 | D        | Noticed a slime creature
   104 | D        | Found Giymusob's Jewellery Emporium.
   104 | D        | Found Vorchexzi's Antique Weapon Shoppe.
   104 | D        | Found Kapp's Book Shoppe.
   109 | D        | Reached skill level 5 in Fighting
   123 | D        | Killed Menkaure
   136 | D        | Noticed an ice dragon
   138 | D        | Noticed a slime creature
   138 | D        | Noticed a slime creature
   145 | D        | Bought a glowing broad axe for 140 gold pieces
   150 | D        | Bought an ichor-stained chain mail for 237 gold pieces
   150 | D        | Identified the +7 chain mail of the Maze {Harm rPois rC-
                  | Slay-2} (You bought it in a shop in the Dungeon)
   176 | D        | Reached XP level 8. HP: 38/76 MP: 9/9
   198 | D        | Noticed an obsidian statue
   222 | D        | Found a stormy altar of Qazlal.
   226 | D        | Found an ornate altar of the Wu Jian Council.
   227 | D        | Found a hazy altar of Hepliaklqana.
   227 | D        | Found a sacrificial altar of Ru.
   228 | D        | Found a viscous altar of Jiyva.
   228 | D        | Found a shimmering blue altar of Sif Muna.
   228 | D        | Found a shimmering altar of Xom.
   229 | D        | Found a snail-covered altar of Cheibriados.
   229 | D        | Found an ancient bone altar of Kikubaaqudgha.
   229 | D        | Found a bloodstained altar of Trog.
   230 | D        | Found a shadowy altar of Dithmenos.
   230 | D        | Found a corrupted altar of Lugonu.
   231 | D        | Found a white marble altar of Elyvilon.
   231 | D        | Found a burning altar of Makhleb.
   232 | D        | Found a blossoming altar of Fedhas.
   279 | D        | Noticed a deep elf master archer
   285 | D        | Noticed an iron elemental
   318 | D        | Killed an iron elemental
   319 | D        | Reached skill level 17 in Axes
   319 | D        | Reached skill level 10 in Armour
   319 | D        | Gained mutation: You passively map the area around you.
                  | [Deep Dwarf growth]
   319 | D        | Reached XP level 9. HP: 64/90 MP: 9/9
   349 | D        | Found an opulent altar of Gozag.
   349 | D        | Noticed a polar bear
   349 | D        | Noticed a polar bear
   350 | D        | Noticed a polar bear
   351 | D        | Found a glowing golden altar of the Shining One.
   351 | D        | Found a basalt altar of Yredelemnul.
   351 | D        | Found a hide-covered altar of Uskayaw.
   351 | D        | Found a sparkling altar of Nemelex Xobeh.
   351 | D        | Noticed a yaktaur
   352 | D        | Found a glowing silver altar of Zin.
   352 | D        | Found a radiant altar of Vehumet.
   352 | D        | Found an iron altar of Okawaru.
   365 | D        | Killed a polar bear
   367 | D        | Killed a polar bear
   374 | D        | Killed a polar bear
   375 | D        | Reached skill level 18 in Axes
   385 | D        | Killed a yaktaur
   386 | D        | Reached skill level 10 in Fighting
   393 | D        | Became a worshipper of Jiyva Jyxkulaf the Shapeless
   401 | D        | Killed an unseen horror
   404 | D        | Killed an oklob plant
   405 | D        | Killed a great orb of eyes
   407 | D        | Noticed a kraken
   498 | D        | Reached * piety under Jiyva
   638 | D        | Banished a glowing orange brain
   665 | D        | Identified Roxanne's Incunabulum of Stones
   665 | D        | Noticed Roxanne
   668 | D        | Gained mutation: You are partially covered in iridescent
                  | scales. (AC +2) [potion of mutation]
   668 | D        | Gained mutation: Potions are less effective at restoring
                  | your health. [potion of mutation]
   670 | D        | Noticed a sixfirhy
   673 | D        | Noticed a sixfirhy
   674 | D        | Reached ** piety under Jiyva
   697 | D        | HP: 3/94 [Roxanne/iron shot (43)]
   701 | D        | Killed from afar by Roxanne

Illustrated notes

Levels and vault maps discovered:
D:        the_violet_keep_of_menkaure [sprint2_stairs_cluster_1,
          sprint2_shoproom, sprint2_temple, sprint2_basic_supplies,
          sprint2_obstacle_3, sprint2_obstacle_6, sprint2_obstacle_7,
          sprint2_obstacle_5, sprint2_obstacle_1, sprint2_timed_cluster_1,
          sprint2_smallroom_cluster_1, sprint2_smallroom_final_cluster_1,
          sprint2_transparent_cluster_1, sprint2_second_timed_cluster_1,
          sprint2_sniper_area_1, sprint2_heavy_combat_area_1,
          sprint2_mutation_trap_area_1, sprint2_forest_area_1,
          sprint2_light_combat_area_1, sprint2_behind_water_1,
          sprint2_near_end_vault_1]

Skill      XL: |  1  2  3  4  5  6  7  8  9 |
---------------+----------------------------+-----
Axes           | 6 9 11 14 15 16 17 18 | 18.0
Shields        | 6 |  6.0
Spellcasting   | 2 |  2.0
Fighting       | 5 8 10 | 10.4
Armour         | 6 10 12 | 12.3

Action                   |  1- 3 |  4- 6 |  7- 9 || total
-------------------------+-------+-------+-------++-------
Melee: War axe           |     8 |    12 |    36 ||    56
       Broad axe         |       |       |   151 ||   151
 Abil: Heal Wounds       |       |       |    27 ||    27
  Use: Potion            |     1 |     1 |     3 ||     5
       Scroll            |       |       |     9 ||     9
Armor: Scale mail        |     1 |     2 |     4 ||     7
       Chain mail        |       |       |    77 ||    77
Dodge: Dodged            |     3 |     1 |    52 ||    56
Block: Buckler           |     3 |     3 |    27 ||    33

Table legend: (Time is in decaauts)
 A = Elapsed time spent in this place.
 B = Non-inter-level travel time spent in this place.
 C = Inter-level travel time spent in this place.
 D = Time resting spent in this place.
 E = Time spent auto-exploring this place.
 F = Levels seen in this place.
 G = Mean time per level.
                   A        B        C        D        E       F      G
               +--------+--------+--------+--------+--------+-----+--------+
         Total |    688 |    681 |      7 |     19 |      0 |   1 |  688.0 |
       Dungeon |    688 |    681 |      7 |     19 |      0 |   1 |  688.0 |
               +--------+--------+--------+--------+--------+-----+--------+

Top non-repeatable levels by time:
       D: 688 daAuts
